cohdb
Replays
Latest Replays
All Replays
Popular Replays
Top Player Replays
Match Explorer
How It Works
Community
CoH3 Stats
Reddit
Sign in to upload your games and track your stats! →
Sign in with Steam
Match 20658476
Unlisted
Match 20658476
Overview
Messages
Build Orders
End
Royal Engineer Section
Construct Section Command Post
Selects Indian Artillery Battlegroup
Infantry Section
Dingo Light Scout Car
Infantry Section
Construct Platoon Command Post
Selects Valour
Selects Gurkha Rifles Section
Gurkha Rifles Section
Selects Artillery Saturation
6-pounder Anti-tank Gun Team
Unlock Bishop Self-propelled Artillery
Bishop Self-propelled Artillery
Selects Off-map Airburst Barrage
6-pounder Anti-tank Gun Team
Vickers Machine Gun Team
Construct Field Infirmary
Selects Volunteer Infantry
Gurkha Rifles Section
Selects Perimeter Monitor
MarNissan
DirtyDan
0
0
Comments
sign in to comment!
No comments posted yet!